Map: Prion Terraces

Players

FeaR

  • Race: Protoss Protoss
  • League: Grandmaster

Lilbow - Winner!

  • Race: Protoss Protoss
  • League: Grandmaster

Event: DreamHack ZOWIE Open Leipzig

VOD

Have the link to the VOD?

Description

Time

  • Played on: Jan. 22, 2016, 9:12 a.m.
  • Length: 17:00

All games in this series

Show
View Real Time Build Order
Export as new Build Order

FeaR Protoss 

Build Orders: Oracle Opening 

Get SALT Encoding   

  12  0:01  Probe (Chrono Boost)  
  13  0:11  Probe (Chrono Boost)  
  14  0:17  Pylon  
  14  0:22  Probe (Chrono Boost)  
  16  0:36  Probe (Chrono Boost), Gateway  
  16  0:46  Probe (Chrono Boost)  
  16  0:47  Assimilator  
  17  0:52  Assimilator  
  17  0:57  Probe (Chrono Boost)  
  18  1:04  Gateway  
  18  1:07  Probe (Chrono Boost)  
  19  1:18  Probe (Chrono Boost)  
  20  1:23  Cybernetics Core  
  20  1:28  Probe (Chrono Boost)  
  21  1:38  Pylon  
  21  1:39  Probe (Chrono Boost)  
  22  1:46  Pylon  
  24  2:02  Stalker (Chrono Boost)  
  24  2:03  Stalker (Chrono Boost)  
  26  2:17  Stargate  
  26  2:18  Probe  
  29  2:33  Stalker (Chrono Boost)  
  29  2:37  Warp Gate  
  29  2:39  Probe  
  30  3:00  Oracle (Chrono Boost)  
  33  3:06  Nexus  
  33  3:14  Mothership Core (Chrono Boost)  
  33  3:33  Probe (Chrono Boost)  
  34  3:43  Probe (Chrono Boost)  
  35  3:54  Probe (Chrono Boost)  
  36  4:04  Probe (Chrono Boost)  
  36  4:06  Twilight Council  
  37  4:15  Probe (Chrono Boost)  
  38  4:19  Probe (Chrono Boost)  
  39  4:25  Probe (Chrono Boost)  
  39  4:30  Probe (Chrono Boost)  
  40  4:36  Probe (Chrono Boost)  
  41  4:43  Blink (Chrono Boost)  
  42  4:46  Probe  
  42  4:49  Stalker x2, Probe, Pylon  
  47  4:58  Gateway  
  47  4:59  Probe  
  48  5:00  Probe  
  49  5:11  Probe  
  49  5:12  Probe  
  51  5:15  Robotics Facility  
  51  5:23  Probe  
  53  5:33  Probe, Nexus  
  53  5:36  Probe  
  54  5:44  Probe  
  54  5:49  Assimilator  
  56  5:54  Stalker, Assimilator  
  56  5:55  Stalker  
  59  5:58  Pylon  
  59  5:59  Probe  
  59  6:00  Probe  
  61  6:10  Probe  
  61  6:17  Immortal (Chrono Boost)  
  67  6:22  Sentry, Gateway  
  67  6:25  Sentry  
  70  6:26  Pylon  
  70  6:29  Gateway  
  70  6:40  Gateway  
  70  6:44  Stalker, Probe x2  
  70  6:45  Stalker  
  76  6:49  Probe  
  76  6:53  Pylon  
  77  7:00  Stalker  
  80  7:04  Pylon  
  80  7:07  Immortal (Chrono Boost)  
  83  7:11  Pylon  
  83  7:14  Pylon  
  83  7:19  Stalker  
  83  7:20  Stalker  
  87  7:24  Stalker  
  89  7:43  Stalker x2  
  83  7:52  Stalker x2  
  83  7:55  Immortal (Chrono Boost)  
  68  8:13  Stalker x4  
  68  8:29  Stalker x2, Immortal (Chrono Boost)  
  68  8:33  Robotics Bay  
  74  8:42  Stalker x2  
  78  8:51  Stalker  
  77  8:57  Pylon  
  77  8:59  Pylon  
  77  9:02  Pylon  
  77  9:19  Stalker x5  
  90  9:24  Disruptor (Chrono Boost)  
  90  9:42  Zealot  
  90  9:45  Stalker x2  
  82  9:55  Disruptor (Chrono Boost)  
  72  10:00  Stalker x2  
  72  10:02  Stalker  
  78  10:29  Disruptor (Chrono Boost)  
  78  10:33  Stalker x3  
  78  10:35  Stalker  
  89  10:41  Stalker  
  91  10:48  Pylon  
  91  11:00  Disruptor (Chrono Boost)  
  94  11:28  Stalker x4  
  94  11:31  Disruptor (Chrono Boost)  
  105  11:45  Adept  
  105  11:46  Adept  
  107  12:05  Stalker x2  
  108  12:11  Disruptor (Chrono Boost)  
  110  12:18  Pylon  
  110  12:20  Pylon  
  110  12:22  Pylon  
  107  12:48  Stalker x3  
  107  12:50  Disruptor (Chrono Boost)  
  113  13:21  Stalker x3  
  112  13:47  Disruptor (Chrono Boost)  
  113  14:14  Stalker x2  
  117  14:18  Disruptor (Chrono Boost)  
  113  15:00  Disruptor (Chrono Boost)  
  113  15:02  Stalker x3  
  119  15:32  Stalker x2  
  121  15:47  Stalker  
  121  16:14  Stalker x2  
  109  16:35  Stalker x2  
Show
View Real Time Build Order
Export as new Build Order

Lilbow Protoss - Winner!

Build Orders: 1 Gate Expand 

Get SALT Encoding   

  12  0:00  Probe (Chrono Boost)  
  13  0:11  Probe (Chrono Boost)  
  14  0:17  Pylon  
  14  0:22  Probe (Chrono Boost)  
  15  0:35  Gateway  
  15  0:36  Probe (Chrono Boost)  
  15  0:41  Assimilator  
  16  0:46  Probe (Chrono Boost)  
  18  0:57  Probe (Chrono Boost)  
  18  1:07  Probe (Chrono Boost)  
  19  1:18  Nexus  
  19  1:31  Cybernetics Core  
  20  1:32  Probe (Chrono Boost)  
  20  1:35  Assimilator  
  20  1:43  Probe (Chrono Boost)  
  20  1:45  Pylon  
  21  1:54  Probe (Chrono Boost)  
  22  2:04  Probe (Chrono Boost)  
  23  2:09  Adept (Chrono Boost), Warp Gate  
  25  2:18  Mothership Core  
  27  2:25  Gateway  
  27  2:28  Probe  
  28  2:33  Adept (Chrono Boost)  
  29  2:38  Probe  
  29  2:39  Probe  
  29  2:43  Pylon  
  31  2:49  Probe  
  32  2:51  Probe  
  32  2:57  Stalker (Chrono Boost)  
  35  2:59  Probe  
  35  3:03  Probe  
  37  3:11  Probe  
  38  3:13  Stalker (Chrono Boost)  
  38  3:15  Probe  
  41  3:23  Probe  
  41  3:24  Stalker (Chrono Boost)  
  44  3:28  Probe  
  45  3:35  Probe  
  45  3:40  Stalker (Chrono Boost), Probe  
  49  3:47  Probe  
  46  3:52  Probe  
  47  4:00  Probe  
  48  4:04  Probe  
  47  4:12  Probe  
  47  4:15  Stalker  
  47  4:16  Probe  
  51  4:19  Stalker  
  51  4:21  Assimilator  
  51  4:23  Pylon  
  51  4:24  Probe  
  54  4:36  Probe x2 (Chrono Boost)  
  54  4:43  Twilight Council  
  54  4:44  Assimilator  
  54  4:45  Pylon  
  54  4:47  Probe (Chrono Boost)  
  54  4:48  Probe (Chrono Boost)  
  56  4:55  Robotics Facility  
  56  4:58  Probe x2 (Chrono Boost)  
  58  5:05  Sentry x2  
  62  5:09  Probe x2 (Chrono Boost)  
  62  5:10  Pylon, Blink (Chrono Boost)  
  64  5:18  Probe (Chrono Boost)  
  64  5:19  Probe (Chrono Boost)  
  66  5:22  Nexus  
  66  5:28  Probe  
  66  5:30  Probe  
  67  5:38  Stalker, Probe  
  67  5:39  Stalker  
  67  5:42  Probe  
  73  5:43  Observer (Chrono Boost)  
  74  5:54  Pylon  
  74  5:56  Pylon  
  74  6:04  Immortal (Chrono Boost)  
  78  6:06  Gateway  
  78  6:09  Gateway  
  78  6:14  Gateway  
  78  6:15  Sentry  
  78  6:16  Stalker  
  82  6:21  Probe  
  82  6:23  Pylon  
  83  6:28  Pylon  
  83  6:38  Immortal (Chrono Boost)  
  87  6:41  Stalker x2  
  91  6:50  Probe  
  91  6:52  Probe  
  91  6:54  Probe  
  94  7:03  Probe  
  94  7:05  Stalker x4  
  103  7:08  Probe  
  103  7:09  Probe  
  103  7:12  Stalker  
  107  7:28  Stalker x4  
  107  7:50  Stalker  
  103  7:51  Stalker  
  103  7:52  Stalker x3  
  103  7:53  Probe x2  
  103  7:54  Probe  
  104  8:03  Probe  
  105  8:06  Probe x2  
  109  8:14  Probe  
  109  8:18  Observer (Chrono Boost)  
  109  8:19  Stalker x5  
  117  8:31  Probe  
  118  8:35  Assimilator  
  118  8:37  Assimilator  
  118  8:38  Pylon  
  118  8:44  Stalker x3  
  123  9:03  Pylon  
  123  9:05  Pylon  
  123  9:06  Pylon  
  123  9:08  Stalker x4, Robotics Bay  
  123  9:09  Stalker  
  133  9:10  Robotics Facility  
  133  9:20  Nexus  
  133  9:33  Stalker x4  
  133  9:34  Stalker  
  133  9:35  Pylon  
  111  10:03  Stalker x5  
  121  10:10  Disruptor x2 (Chrono Boost)  
  127  10:14  Forge  
  123  10:27  Assimilator  
  123  10:29  Assimilator  
  123  10:32  Stalker  
  123  10:33  Stalker x4  
  123  10:35  Pylon  
  133  10:38  Disruptor x2 (Chrono Boost)  
  139  10:47  Protoss Ground Weapons Level 1 (Chrono Boost)  
  139  10:57  Photon Cannon  
  139  10:58  Photon Cannon  
  139  11:00  Photon Cannon  
  139  11:03  Stargate  
  139  11:07  Disruptor x2  
  139  11:18  Adept  
  139  11:19  Adept  
  143  11:38  Disruptor  
  143  11:39  Disruptor  
  149  11:47  Stalker x3  
  149  11:48  Stalker x2  
  149  11:49  Oracle (Chrono Boost)  
  154  12:05  Pylon  
  154  12:09  Disruptor  
  154  12:11  Adept x3  
  154  12:12  Stalker x2  
  154  12:15  Disruptor, Pylon  
  166  12:40  Disruptor  
  166  12:51  Disruptor  
  168  13:02  Adept x3  
  168  13:03  Adept x2  
  176  13:34  Stargate  
  176  13:35  Protoss Ground Weapons Level 2  
  176  13:36  Stargate  
  176  13:38  Fleet Beacon  
  176  13:40  Stargate  
  166  14:05  Photon Cannon  
  166  14:06  Photon Cannon  
  166  14:08  Photon Cannon  
  166  14:09  Photon Cannon  
  166  14:10  Photon Cannon  
  166  14:12  Photon Cannon x2  
  166  14:14  Photon Cannon  
  166  14:35  Tempest x4 (Chrono Boost)  
  178  15:02  Disruptor x2  
  184  15:13  Tempest x3 (Chrono Boost)  
  193  15:50  Nexus  
  193  15:52  Pylon  
  193  16:10  Tempest (Chrono Boost)  

Tags
 
Add a new tag
Caveats
  • Supply blocks, unpowered buildings, or Contaminate may cause inaccurate times.
  • Supply counts are checked every 10 seconds.